3A
NEBRASKA PLAINSMEN @ BELLEVILLE BULLS
09/03/2030
 
TOP OF THE 1ST
Nebraska Plainsmen batting - Pitching for Belleville Bulls : RHP Walid bin Amid
Pitching: RHP Walid bin Amid
Batting: SHB Cyrille Baffi 0-0: Foul Ball, location: 2F
0-1: Ball
1-1: Foul Ball, location: 2F
1-2: Ground out 3-1 (Groundball, 34)
Batting: LHB Gerardo Ponce de Leon 0-0: Called Strike
0-1: Called Strike
0-2: Fly out, F6 (Line Drive, 6)
Batting: RHB David Crow 0-0: Foul Ball, location: 2F
0-1: Ball
1-1: Foul Ball, location: 2F
1-2: Ground out 3-1 (Groundball, 34S)
Top of the 1st over - 0 runs, 0 hits, 0 errors, 0 left on base; Nebraska 0 - Belleville 0
BOTTOM OF THE 1ST
Belleville Bulls batting - Pitching for Nebraska Plainsmen : RHP Jesús Fernández
Pitching: RHP Jesús Fernández
Batting: RHB Manuel Vroonland 0-0: Ball
1-0: Ball
2-0: Ball
3-0: Base on Balls
Batting: RHB José Bumgarnor 0-0: Grounds into double play, 6-4-3 (Groundball, 6)
Batting: RHB Pancho Rodríguez 0-0: Called Strike
0-1: Ball
1-1: Swinging Strike
1-2: Ball
2-2: Foul Ball, location: 2F
2-2: Strikes out swinging
Bottom of the 1st over - 0 runs, 0 hits, 0 errors, 0 left on base; Nebraska 0 - Belleville 0
TOP OF THE 2ND
Nebraska Plainsmen batting - Pitching for Belleville Bulls : RHP Walid bin Amid
Batting: RHB Alco Compagne 0-0: Ball
1-0: Called Strike
1-1: Ball
2-1: Ball
3-1: Fly out, F9 (Flyball, 9S)
Batting: LHB Bob Knutson 0-0: Ball
1-0: Foul Ball, location: 2F
1-1: Called Strike
1-2: Foul Ball, location: 2F
1-2: Ground out U3 (Groundball, 3)
Batting: SHB Allen Pandey 0-0: Called Strike
0-1: Ground out 4-3 (Groundball, 4)
Top of the 2nd over - 0 runs, 0 hits, 0 errors, 0 left on base; Nebraska 0 - Belleville 0
BOTTOM OF THE 2ND
Belleville Bulls batting - Pitching for Nebraska Plainsmen : RHP Jesús Fernández
Batting: RHB Júlio Robles 0-0: SINGLE (Line Drive, 9LS)
Batting: LHB Don McGhee 0-0: Ball
1-0: Called Strike
1-1: Ball
2-1: Grounds into double play, 6-4-3 (Groundball, 6)
Batting: RHB Rey McSriff 0-0: Ball
1-0: SINGLE (Groundball, 56S) (infield hit)
Batting: RHB Silvian Burger 0-0: Ball
1-0: Swinging Strike
1-1: Ball
2-1: Swinging Strike
2-2: Strikes out swinging
Bottom of the 2nd over - 0 runs, 2 hits, 0 errors, 1 left on base; Nebraska 0 - Belleville 0
TOP OF THE 3RD
Nebraska Plainsmen batting - Pitching for Belleville Bulls : RHP Walid bin Amid
Batting: RHB Dan Hendricks 0-0: Swinging Strike
0-1: Ball
1-1: Ball
2-1: Ball
3-1: Called Strike
3-2: DOUBLE (Line Drive, 7D)
Batting: RHB Shelby Loudenslager 0-0: SINGLE (Groundball, 56D)
Dan Hendricks to third
Throwing error, E7
Dan Hendricks scores
Shelby Loudenslager to second
Batting: RHB Mink Molendijk 0-0: Ball
Wild Pitch!
Shelby Loudenslager to third
1-0: SINGLE (Line Drive, 4MD)
Shelby Loudenslager scores
Batting: SHB Cyrille Baffi 0-0: Ball
1-0: Fly out, F9 (Flyball, 9LD)
Batting: LHB Gerardo Ponce de Leon 0-0: Fielders Choice at 2nd, 2-6 (Groundball, 2R)
Batting: RHB David Crow 0-0: Called Strike
0-1: Ground out 5-3 (Groundball, 56S)
Top of the 3rd over - 2 runs, 3 hits, 1 error, 1 left on base; Nebraska 2 - Belleville 0
BOTTOM OF THE 3RD
Belleville Bulls batting - Pitching for Nebraska Plainsmen : RHP Jesús Fernández
Now at 3B: Matthias Ballerini
Batting: RHB Eric Harvey 0-0: Called Strike
0-1: Hit by Pitch
Batting: RHB Martín García 0-0: Ball
1-0: Foul Ball, location: 2F
1-1: Grounds into double play, 6-4-3 (Groundball, 6M)
Batting: RHB Manuel Vroonland 0-0: Ball
1-0: DOUBLE (Line Drive, 78D)
Batting: RHB José Bumgarnor 0-0: Ball
1-0: Foul Ball, location: 2F
1-1: Swinging Strike
1-2: Ball
2-2: Ball
3-2: Strikes out swinging
Bottom of the 3rd over - 0 runs, 1 hit, 0 errors, 1 left on base; Nebraska 2 - Belleville 0
TOP OF THE 4TH
Nebraska Plainsmen batting - Pitching for Belleville Bulls : RHP Walid bin Amid
Batting: RHB Alco Compagne 0-0: Ball
1-0: Swinging Strike
1-1: Fly out, F7 (Flyball, 7)
Batting: LHB Bob Knutson 0-0: Ball
1-0: Swinging Strike
1-1: Ball
2-1: Ball
3-1: Base on Balls
Batting: SHB Allen Pandey 0-0: Ball
1-0: Ball
2-0: Foul Ball, location: 2F
2-1: Grounds into double play, 4-6-3 (Groundball, 4)
Top of the 4th over - 0 runs, 0 hits, 0 errors, 0 left on base; Nebraska 2 - Belleville 0
BOTTOM OF THE 4TH
Belleville Bulls batting - Pitching for Nebraska Plainsmen : RHP Jesús Fernández
Batting: RHB Pancho Rodríguez 0-0: Called Strike
0-1: Ball
1-1: Fly out, F2 (Popup, 25F)
Batting: RHB Júlio Robles 0-0: Foul Ball, location: 2F
0-1: Foul Ball, location: 2F
0-2: Ball
1-2: Strikes out swinging
Batting: LHB Don McGhee 0-0: Ball
1-0: Called Strike
1-1: Called Strike
1-2: Ball
2-2: Foul Ball, location: 2F
2-2: Ground out U3 (Groundball, 34S)
Bottom of the 4th over - 0 runs, 0 hits, 0 errors, 0 left on base; Nebraska 2 - Belleville 0
TOP OF THE 5TH
Nebraska Plainsmen batting - Pitching for Belleville Bulls : RHP Walid bin Amid
Batting: RHB Dan Hendricks 0-0: Called Strike
0-1: Ball
1-1: Foul Ball, location: 2F
1-2: Ball
2-2: Foul Ball, location: 2F
2-2: DOUBLE (Line Drive, 7LM)
Batting: RHB Shelby Loudenslager 0-0: Foul Ball, location: 2F
0-1: Called Strike
0-2: Foul Ball, location: 2F
0-2: Ball
1-2: Reached via error on a dropped throw, E1
Dan Hendricks to third
Batting: RHB Matthias Ballerini 0-0: Called Strike
0-1: Called Strike
0-2: TRIPLE (Line Drive, 89XD)
Dan Hendricks scores
Shelby Loudenslager scores
Batting: SHB Cyrille Baffi 0-0: Ball
1-0: Ground out 4-3 (Groundball, 4)
Matthias Ballerini scores
Batting: LHB Gerardo Ponce de Leon 0-0: Fly out, F9 (Flyball, 9LS)
Batting: RHB David Crow 0-0: Ball
1-0: Ball
2-0: Swinging Strike
2-1: Foul Ball, location: 2F
2-2: SOLO HOME RUN (Line Drive, 7D), Distance : 422 ft
Batting: RHB Alco Compagne 0-0: Ball
1-0: Foul Ball, location: 2F
1-1: SOLO HOME RUN (Flyball, 7D), Distance : 412 ft
Batting: LHB Bob Knutson 0-0: Called Strike
0-1: Ball
1-1: Ball
2-1: Ground out 4-3 (Groundball, 4)
Top of the 5th over - 5 runs, 4 hits, 1 error, 0 left on base; Nebraska 7 - Belleville 0
BOTTOM OF THE 5TH
Belleville Bulls batting - Pitching for Nebraska Plainsmen : RHP Jesús Fernández
Batting: RHB Rey McSriff 0-0: Ground out 6-3 (Groundball, 6)
Batting: RHB Silvian Burger 0-0: Ball
1-0: DOUBLE (Flyball, 78D)
Batting: RHB Eric Harvey 0-0: Ball
1-0: Ball
2-0: Ball
3-0: Base on Balls
Batting: RHB Martín García 0-0: Grounds into double play, 1-6-3 (Groundball, P)
Bottom of the 5th over - 0 runs, 1 hit, 0 errors, 1 left on base; Nebraska 7 - Belleville 0
TOP OF THE 6TH
Nebraska Plainsmen batting - Pitching for Belleville Bulls : RHP Walid bin Amid
Batting: SHB Allen Pandey 0-0: Called Strike
0-1: Ball
1-1: Ball
2-1: Fly out, F9 (Flyball, 89S)
Batting: RHB Dan Hendricks 0-0: SINGLE (Groundball, 4MD)
Batting: RHB Shelby Loudenslager 0-0: Ball
1-0: Ball
2-0: Called Strike
2-1: Swinging Strike
2-2: Strikes out swinging
Batting: RHB Matthias Ballerini 0-0: Ball
1-0: Foul Ball, location: 2F
1-1: Swinging Strike
1-2: Ball
2-2: Foul Ball, location: 2F
2-2: Strikes out swinging
Top of the 6th over - 0 runs, 1 hit, 0 errors, 1 left on base; Nebraska 7 - Belleville 0
BOTTOM OF THE 6TH
Belleville Bulls batting - Pitching for Nebraska Plainsmen : RHP Jesús Fernández
Batting: RHB Manuel Vroonland 0-0: SINGLE (Flyball, 7S)
Batting: RHB José Bumgarnor 0-0: Ball
1-0: Ball
2-0: Ball
3-0: Called Strike
3-1: Base on Balls
Manuel Vroonland to second
Batting: RHB Pancho Rodríguez 0-0: Fly out, F7 (Line Drive, 7)
Batting: RHB Júlio Robles 0-0: Called Strike
0-1: Fly out, F9 (Flyball, 9LSF)
Batting: LHB Don McGhee 0-0: Ball
1-0: Called Strike
1-1: Ground out 3-1 (Groundball, 34S)
Bottom of the 6th over - 0 runs, 1 hit, 0 errors, 2 left on base; Nebraska 7 - Belleville 0
TOP OF THE 7TH
Nebraska Plainsmen batting - Pitching for Belleville Bulls : RHP Walid bin Amid
Batting: SHB Cyrille Baffi 0-0: Fly out, F3 (Popup, 3L)
Batting: LHB Gerardo Ponce de Leon 0-0: Foul Ball, location: 2F
0-1: Ball
1-1: Ball
2-1: Ball
3-1: SINGLE (Groundball, 56D)
Batting: RHB David Crow 0-0: Ball
1-0: Swinging Strike
1-1: Foul Ball, location: 2F
1-2: Foul Ball, location: 2F
1-2: Strikes out swinging
Batting: RHB Alco Compagne 0-0: Fly out, F9 (Flyball, 9S)
Top of the 7th over - 0 runs, 1 hit, 0 errors, 1 left on base; Nebraska 7 - Belleville 0
BOTTOM OF THE 7TH
Belleville Bulls batting - Pitching for Nebraska Plainsmen : RHP Jesús Fernández
Batting: RHB Rey McSriff 0-0: Fly out, F9 (Line Drive, 9)
Batting: RHB Silvian Burger 0-0: Ball
1-0: Called Strike
1-1: Swinging Strike
1-2: Ball
2-2: Strikes out swinging
Batting: RHB Eric Harvey 0-0: Ball
1-0: Fly out, F4 (Line Drive, 4MD)
Bottom of the 7th over - 0 runs, 0 hits, 0 errors, 0 left on base; Nebraska 7 - Belleville 0
TOP OF THE 8TH
Nebraska Plainsmen batting - Pitching for Belleville Bulls : RHP Walid bin Amid
Batting: LHB Bob Knutson 0-0: DOUBLE (Line Drive, 8LXD)
Batting: SHB Allen Pandey 0-0: Called Strike
0-1: Ball
1-1: Fly out, F7 (Flyball, 78M)
Pitching: RHP Robby Wand
Batting: RHB Dan Hendricks 0-0: SINGLE (Groundball, 4D)
Bob Knutson to third
Batting: RHB Shelby Loudenslager 0-0: Ball
1-0: Ball
2-0: Ball
3-0: Base on Balls
Dan Hendricks to second
Batting: RHB Matthias Ballerini 0-0: Ball
1-0: Called Strike
1-1: Foul Ball, location: 2F
1-2: Ball
2-2: Fly out, F4 (Line Drive, 34)
Batting: SHB Cyrille Baffi 0-0: Foul Ball, location: 2F
0-1: Ball
1-1: Fly out, F4 (Line Drive, 4M)
Top of the 8th over - 0 runs, 2 hits, 0 errors, 3 left on base; Nebraska 7 - Belleville 0
BOTTOM OF THE 8TH
Belleville Bulls batting - Pitching for Nebraska Plainsmen : RHP Jesús Fernández
Batting: RHB Martín García 0-0: Ground out 1-3 (Groundball, P)
Batting: RHB Manuel Vroonland 0-0: Called Strike
0-1: Called Strike
0-2: Foul Ball, location: 2F
0-2: Ball
1-2: Ground out 6-3 (Groundball, 56)
Batting: RHB José Bumgarnor 0-0: Ball
1-0: Foul Ball, location: 2F
1-1: Ball
2-1: Fly out, F7 (Flyball, 7D)
Bottom of the 8th over - 0 runs, 0 hits, 0 errors, 0 left on base; Nebraska 7 - Belleville 0
TOP OF THE 9TH
Nebraska Plainsmen batting - Pitching for Belleville Bulls : RHP Robby Wand
Pitching: RHP Ken Dundee
Batting: LHB Gerardo Ponce de Leon 0-0: Foul Ball, location: 2F
0-1: Ball
1-1: Foul Ball, location: 2F
1-2: Ball
2-2: Fly out, F4 (Line Drive, 4)
Batting: RHB David Crow 0-0: Foul Ball, location: 2F
0-1: Swinging Strike
0-2: Foul Ball, location: 2F
0-2: Ball
1-2: Strikes out swinging
Batting: RHB Alco Compagne 0-0: Ball
1-0: Swinging Strike
1-1: Fly out, F5 (Line Drive, 5S)
Top of the 9th over - 0 runs, 0 hits, 0 errors, 0 left on base; Nebraska 7 - Belleville 0
BOTTOM OF THE 9TH
Belleville Bulls batting - Pitching for Nebraska Plainsmen : RHP Jesús Fernández
Batting: RHB Pancho Rodríguez 0-0: Called Strike
0-1: Ball
1-1: Foul Ball, location: 2F
1-2: Ball
2-2: Foul Ball, location: 2F
2-2: SINGLE (Flyball, 7LS)
Batting: RHB Júlio Robles 0-0: Fly out, F9 (Flyball, 9)
Batting: LHB Don McGhee 0-0: Ball
1-0: Foul Ball, location: 2F
1-1: Ground out 4-3 (Groundball, 34)
Pancho Rodríguez to second
Batting: RHB Rey McSriff 0-0: Swinging Strike
0-1: Called Strike
0-2: Ball
1-2: Ball
2-2: Strikes out swinging
Bottom of the 9th over - 0 runs, 1 hit, 0 errors, 1 left on base; Nebraska 7 - Belleville 0
Sunday, March 18th, 2018 - OOTP Baseball 18.8 Build 76